 Dungeon Crawl Stone Soup version 0.31-a0-1321-g5021b54cb2 (webtiles) character file.

Game seed: 6040547137090888546

448 Curundu the Trooper (level 6, -17/56 HPs)
             Began as a Minotaur Berserker on Dec 20, 2023.
             Was a Believer of Trog.
             Demolished by a shadow (25 damage)
             ... on level 6 of the Dungeon.
             The game lasted 00:12:54 (3878 turns).

Curundu the Trooper (Minotaur Berserker)            Turns: 3878, Time: 00:12:55

Health: -17/56     AC: 14    Str: 23    XL:     6   Next: 73%
Magic:  5/5        EV:  7    Int:  4    God:    Trog [**....]
Gold:   206        SH:  3    Dex: 10    Spells: 5/5 levels left

rFire   + . .        b - +1 dagger (vamp)
rCold   . . .        r - +0 buckler
rNeg    . . .        g - +0 plate armour
rPois   .            m - +0 hat
rElec   .            x - +0 cloak
rCorr   .            B - +0 pair of gloves
SInv    .            (no boots)
Will    ++...        C - amulet of regeneration Stlth
                     u - ring of protection from fire
HPRegen 2.09/turn    (no ring)
MPRegen 0.09/turn

%: no passive effects
@: strong-willed, regenerating
A: horns 2, retaliatory headbutt
a: Renounce Religion, Berserk, Trog's Hand


You were on level 6 of the Dungeon.
You worshipped Trog.
Trog was pleased with you.
You visited 1 branch of the dungeon, and saw 6 of its levels.

You collected 234 gold pieces.
You spent 28 gold pieces at shops.

Inventory:

Hand Weapons
 a - a +0 falchion of chaos
 b - a +1 vampiric dagger (weapon)
Missiles
 v - 2 poisoned darts
 A - 4 boomerangs
Armour
 g - a +0 plate armour (worn)
 m - a +0 hat (worn)
 r - a +0 buckler (worn)
 x - a +0 cloak (worn)
 B - a +0 pair of gloves (worn)
Jewellery
 u - a ring of protection from fire (left hand)
 C - an amulet of regeneration (around neck)
Scrolls
 d - 2 scrolls of teleportation
 e - 3 scrolls of revelation {unknown}
 f - a scroll of vulnerability {unknown}
 l - a scroll of fear {unknown}
 p - 2 scrolls of fog {unknown}
 s - a scroll of identify
 t - a scroll of torment {unknown}
 y - a scroll of immolation {unknown}
Potions
 c - 2 potions of heal wounds {unknown}
 h - a potion of ambrosia {unknown}
 i - 6 potions of curing {unknown}
 j - a potion of degeneration {unknown}
 k - 2 potions of enlightenment {unknown}
 n - 3 potions of attraction {unknown}
 o - a potion of lignification {unknown}
 q - 2 potions of berserk rage {unknown}
 w - a potion of resistance {unknown}
 z - a potion of mutation {unknown}


   Skills:
 + Level 5.4 Fighting
 + Level 3.9(4.8) Short Blades
 + Level 4.5(5.4) Long Blades
 + Level 4.8 Armour
 + Level 3.0 Dodging
 + Level 0.2 Stealth
 + Level 0.8 Shields


You had 5 spell levels left.
You didn't know any spells.
Your spell library contained the following spells:

 Spells                   Type           Power      Damage    Failure   Level
 Magic Dart               Conj           0%         1d3       100%        1
 Summon Small Mammal      Summ           0%         N/A       100%        1
 Searing Ray              Conj           0%         2d4       100%        2
 Call Canine Familiar     Summ           0%         N/A       100%        3
 Summon Guardian Golem    Hex/Summ       0%         N/A       100%        3
 Fulminant Prism          Conj/Alch      0%         3d5       100%        4


Dungeon Overview and Level Annotations

Branches:
Dungeon (6/15)             Temple (0/1) D:5

Altars:
Elyvilon
Kikubaaqudgha
Okawaru
Qazlal
Trog

Shops:
D:1 *   D:2 [


Innate Abilities, Weirdness & Mutations

You have a pair of horns on your head.
You reflexively headbutt those who attack you in melee.


Message History

The shadow is severely damaged.
You block the hound's attack. You block the shadow's attack.
You hit the shadow but do no damage.
You headbutt the shadow, but do no damage.
The shadow is severely damaged.
The hound bites you but does no damage. The shadow barely misses you.
You hit the shadow but do no damage.
The shadow is severely damaged.
The hound barely misses you. You furiously retaliate!
You headbutt the hound! You barely miss the shadow.
The shadow is severely damaged.
The hound bites you but does no damage. You block the shadow's attack.
The hound bites you but does no damage.
You barely miss the shadow.
The shadow is severely damaged.
The shadow hits you.
* * * LOW HITPOINT WARNING * * *
The hound bites you.
* * * LOW HITPOINT WARNING * * *
You hit the shadow but do no damage. You headbutt the shadow!
The shadow is almost destroyed.
The hound bites you.
* * * LOW HITPOINT WARNING * * *
The shadow hits you.
You hit the shadow but do no damage.
The shadow is almost destroyed.
The hound barely misses you. You furiously retaliate!
You headbutt the hound!
You kill the hound!
Trog accepts your kill. The shadow hits you!
* * * LOW HITPOINT WARNING * * *
You hit the shadow but do no damage.
The shadow is almost destroyed.
The shadow slips into darkness.
The shadow flickers and vanishes!
Deactivating autopickup; reactivate with Ctrl-A.
You closely miss something. You miss something.
The shadow strikes at you from the darkness!
You die...

#.# .. #.. ♣ ♣.♣
#(# ..._.
#.#.♣.♣.♣
#.#.....
####.#.#.♣.♣
#.###...†[......
#.....{@........
#####.##.#####.#
# #.#...#
#.....# ###...#
##.## #####.#
#...<.# #.....#


There were no monsters in sight!

Vanquished Creatures
  Menkaure (D:4)
  A howler monkey (D:4)
  2 hounds
  A jelly (D:3)
  2 iguanas
  A sleepcap (D:4)
  4 adders
  3 worms
  3 dart slugs
  7 orcs
  5 bats
  5 endoplasms
  4 giant cockroaches
  6 goblins
  5 hobgoblins
  2 kobolds (D:1)
  5 quokkas
  7 ball pythons
  5 frilled lizards
  3 rats
72 creatures vanquished.

Notes
Turn   | Place    | Note
-------+----------+-------------------------------------------
     0 | D:1      | Curundu the Minotaur Berserker began the quest for the Orb.
     0 | D:1      | Reached XP level 1. HP: 19/19 MP: 0/0
   267 | D:1      | Reached XP level 2. HP: 23/27 MP: 1/1
   322 | D:1      | Found a faded altar of an unknown god.
   426 | D:1      | Reached skill level 4 in Fighting
   583 | D:1      | Found Eppepaj's General Store.
   588 | D:1      | Bought a scroll of identify for 28 gold pieces
  1237 | D:2      | Reached XP level 3. HP: 33/33 MP: 2/2
  1587 | D:2      | Reached ** piety under Trog
  1606 | D:2      | Found Puicifed's Armour Boutique.
  1822 | D:3      | Found an ancient bone altar of Kikubaaqudgha.
  2050 | D:3      | Reached skill level 1 in Short Blades
  2050 | D:3      | Reached XP level 4. HP: 41/41 MP: 3/3
  2331 | D:4      | Reached XP level 5. HP: 25/47 MP: 4/4
  2478 | D:4      | Found a bloodstained altar of Trog.
  2515 | D:4      | Reached skill level 5 in Fighting
  2878 | D:4      | Noticed Menkaure
  2891 | D:4      | Killed Menkaure
  2892 | D:4      | Reached XP level 6. HP: 23/56 MP: 5/5
  3239 | D:5      | Entered Level 5 of the Dungeon
  3239 | D:5      | Found a stormy altar of Qazlal.
  3433 | D:5      | Found a white marble altar of Elyvilon.
  3516 | D:5      | Found a staircase to the Ecumenical Temple.
  3849 | D:6      | Noticed a shadow
  3850 | D:6      | Found an iron altar of Okawaru.
  3859 | D:6      | Reached *** piety under Trog
  3875 | D:6      | HP: 2/56 [shadow (10)]
  3878 | D:6      | Demolished by a shadow

Illustrated notes

Levels and vault maps discovered:
D:1:      nicolae_arrival_somewhat_less_tricky_arrival, layout_loops_cross,
          serial_shops, shop, ebering_ecumenical_altar_abandoned
D:2:      layout_basic, serial_shops, shop
D:3:      layout_rooms, lemuel_round_altar, serial_corexii_hall,
          chequers_hall_statues_wall_a, corexii_hall_statues_l
D:4:      layout_basic, nicolae_overflow_crystal_walls, uniq_menkaure
D:5:      layout_rooms, elyvilon_altar_4, overflow_temple_1_default,
          minmay_temple_entry_statues_pillars
D:6:      layout_loops_ring, kennysheep_orc_sif_temple, okawaru_trees_1,
          hex_tiny

Skill      XL: |  1  2  3  4  5 |
---------------+----------------+-----
Long Blades    | 4 |  4.5
Fighting       | 4 5 |  5.4
Dodging        | 3 |  3.0
Short Blades   | 1 3 |  3.9
Armour         | 3 4 |  4.8
Stealth        | |  0.2
Shields        | |  0.8

Action                     |  1- 3 |  4- 6 || total
---------------------------+-------+-------++-------
  Melee: Falchion          |    41 |       ||    41
         Headbutt          |    16 |    32 ||    48
         Dagger            |    91 |   173 ||   264
         Punch             |     1 |       ||     1
 Invoke: Trog's Hand       |       |     2 ||     2
    Use: Scroll            |     3 |       ||     3
 Armour: Animal skin       |    27 |       ||    27
         Plate armour      |    66 |   146 ||   212
  Dodge: Dodged            |    60 |    45 ||   105
  Block: Buckler           |       |    25 ||    25

Table legend: (Time is in decaauts)
 A = Elapsed time spent in this place.
 B = Non-inter-level travel time spent in this place.
 C = Inter-level travel time spent in this place.
 D = Time resting spent in this place.
 E = Time spent auto-exploring this place.
 F = Levels seen in this place.
 G = Mean time per level.
                   A        B        C        D        E       F      G
               +--------+--------+--------+--------+--------+-----+--------+
         Total |   3842 |   3842 |      0 |      0 |   2876 |   6 |  640.3 |
       Dungeon |   3842 |   3842 |      0 |      0 |   2876 |   6 |  640.3 |
               +--------+--------+--------+--------+--------+-----+--------+

Top non-repeatable levels by time:
     D:1: 966 daAuts
     D:4: 930 daAuts
     D:2: 724 daAuts
     D:3: 596 daAuts
     D:5: 593 daAuts
     D:6: 31 daAuts
